[Event "WWCC 2010"]
[Site "Antakya/Turkey"]
[Date "2010.12.17"]
[Round "5.2"]
[White "Zhao Xue"]
[Black "Ruan, Lufei"]
[Result "1/2-1/2"]
[ECO "D17"]
[WhiteElo "2462"]
[BlackElo "2480"]
[Annotator "Robot 3"]
[PlyCount "44"]
[EventDate "2010.??.??"]
[TimeControl "40/5400+30:1800+30"]

1. d4 d5 2. c4 c6 3. Nf3 Nf6 4. Nc3 dxc4 5. a4 Bf5 6. Ne5 e6 7. f3 c5 8. e4 Bg6
9. Be3 cxd4 10. Qxd4 Qxd4 11. Bxd4 Nfd7 12. Nxd7 Nxd7 13. Bxc4 a6 14. Ke2 Rg8
15. h4 h6 16. h5 Bh7 17. Bf2 Rc8 18. Ba2 Bb4 19. Bh4 Be7 20. Bg3 Bb4 21. Bh4
Be7 22. Bf2 Bb4 1/2-1/2